 Dungeon Crawl Stone Soup version 0.21-a0-508-gf08a75f (webtiles) character file.

3775 slep the Spear-Bearer (level 9, -13/69 HPs)
             Began as a Demonspawn Fighter on Nov 28, 2017.
             Was a Believer of Okawaru.
             Mangled by a two-headed ogre
             ... wielding a +0 giant spiked club
              (20 damage)
             ... on level 8 of the Dungeon on Nov 29, 2017.
             The game lasted 00:37:20 (6380 turns).

slep the Spear-Bearer (Demonspawn Fighter)          Turns: 6380, Time: 00:37:23

Health: -13/69     AC: 15    Str: 18    XL:     9   Next: 95%
Magic:  9/9        EV:  7    Int:  9    God:    Okawaru [**....]
Gold:   365        SH: 10    Dex: 15    Spells: 7/8 levels left

rFire    + + .     SeeInvis .   a - +0 trident
rCold    + . .     Gourm    .   c - +0 shield
rNeg     . . .     Faith    .   M - +1 chain mail {rF+}
rPois    .         Spirit   .   (no helmet)
rElec    .         Reflect  .   (no cloak)
rCorr    .         Harm     .   r - +0 pair of gloves
MR       .....                  (no boots)
Stlth    ..........             B - amulet of regeneration
HPRegen  0.61/turn              y - ring of wizardry
MPRegen  0.11/turn              K - ring of protection from cold

@: no status effects
A: talons 1, yellow scales 2, demonic guardian 1, fire resistance 1, flame cloud
immunity
a: Heroism, Renounce Religion


You were on level 8 of the Dungeon.
You worshipped Okawaru.
Okawaru was pleased with you.
You were not hungry.

You visited 2 branches of the dungeon, and saw 9 of its levels.

You collected 365 gold pieces.

Inventory:

Hand Weapons
 a - a +0 trident (weapon)
Missiles
 N - 2 curare-tipped needles
Armour
 b - a +0 scale mail
 c - a +0 shield (worn)
 r - a +0 pair of gloves (worn)
 M - a +1 chain mail of fire resistance (worn)
Jewellery
 q - an uncursed amulet of harm
 y - a ring of wizardry (left hand)
 B - an amulet of regeneration (around neck)
 K - a ring of protection from cold (right hand)
Wands
 x - a wand of digging (7)
Scrolls
 e - a scroll of fog {unknown}
 i - 9 scrolls of identify {unknown}
 j - 3 scrolls of teleportation {unknown}
 l - 2 scrolls of blinking {unknown}
 m - 3 scrolls of amnesia {unknown}
 s - a scroll of magic mapping {unknown}
 v - 5 scrolls of remove curse {unknown}
 D - a scroll of random uselessness {unknown}
 G - a scroll of torment {unknown}
 I - 2 scrolls of enchant armour {unknown}
 J - a scroll of immolation {unknown}
Potions
 d - a potion of might
 k - 2 potions of degeneration
 o - 2 potions of cancellation {unknown}
 t - 2 potions of flight {unknown}
 u - a potion of agility {unknown}
 w - a potion of mutation {unknown}
 z - 2 potions of curing
 C - a potion of berserk rage {unknown}
 F - 2 potions of haste
 L - a potion of ambrosia {unknown}
Books
 p - a book of Cantrips

   Spells                             Type                      Level
   a - Confusing Touch                Hexes                        1
   b - Animate Skeleton               Necromancy                   1
   c - Summon Small Mammal            Summoning                    1
   d - Apportation                    Translocation                1
 E - a book of Battle

   Spells                             Type                      Level
   a - Infusion                       Charms                       1
   b - Shroud of Golubria             Charms/Translocation         2
   c - Song of Slaying                Charms                       2
   d - Spectral Weapon                Hexes/Charms                 3
   e - Regeneration                   Charms/Necromancy            3
Comestibles
 f - 6 bread rations
 h - 8 royal jellies
 n - 7 fruits
 A - 2 meat rations
 H - 2 chunks of flesh


   Skills:
 + Level 6.2 Fighting
 + Level 8.3 Polearms
 + Level 6.5 Armour
 + Level 3.1 Dodging
 + Level 1.8 Stealth
 + Level 6.1 Shields


You had 7 spell levels left.
You knew the following spells:

 Your Spells              Type           Power        Failure   Level  Hunger
a - Apportation           Tloc           #.....       99%         1    ##.....


Dungeon Overview and Level Annotations

Branches:
Dungeon (8/15)             Temple (1/1) D:7
   Lair: D:8-11

Altars:
Ashenzari
Cheibriados
Dithmenos
Elyvilon
Fedhas
Gozag
Hepliaklqana
Kikubaaqudgha
Makhleb
Nemelex Xobeh
Okawaru
Qazlal
Ru
Sif Muna
Trog
Uskayaw
Vehumet
Wu Jian
Xom
Yredelemnul
Zin
The Shining One

Annotations:
D:7 exclusion: oklob sapling


Innate Abilities, Weirdness & Mutations

You have sharp toenails.
You are mostly covered in yellow scales. (AC +3)
A weak demonic guardian rushes to your aid.
Your flesh is heat resistant. (rF+)
You are immune to clouds of flame.


Message History

The two-headed ogre hits you with a giant club!
* * * LOW HITPOINT WARNING * * *
Throwing (i - inventory):
g - 2 throwing nets (quivered)
Press: ? - help, Shift-Dir - straight line, f - two-headed ogre
Aim: a two-headed ogre, wielding a giant spiked club and a giant club (severely wounded)
You throw a throwing net.
The throwing net barely misses the two-headed ogre.
The throwing net hits the ogre.
The ogre is caught in the net!
The ogre is heavily wounded.
The ogre struggles against the net.
The two-headed ogre barely misses you. x2
Throwing (i - inventory):
g - a throwing net (quivered)
Press: ? - help, Shift-Dir - straight line, f/p - two-headed ogre
Aim: a two-headed ogre, wielding a giant spiked club and a giant club (severely wounded)
You throw a throwing net.
The throwing net barely misses the two-headed ogre.
The throwing net hits the ogre.
The ogre is heavily wounded.
The ogre struggles against the net.
The crimson imp blinks!
The two-headed ogre hits you with a giant spiked club!!
You die...

....# ##...# ....#
###...# ###....#
#....5.#
########...#O##
##.........##O#
.........5###@#
............# #5#
..........### #.#
..........# #.#
........#.# ...#
..........# ..###
........#..##.#
......#.))....##
.........†........


You could see a two-headed ogre, an ogre (caught), a crimson imp and a friendly
iron imp.

Vanquished Creatures
  Sigmund (D:3)
  A human (D:7)
  A hog (D:7)
  A hungry ghost (D:6)
  An ice beast (D:5)
  A slave (D:6)
  3 orc warriors
  2 black bears (D:8)
  A bullfrog (D:6)
  3 scorpions
  5 killer bees
  4 wights (D:7)
  3 howler monkeys
  2 crimson imps
  A centaur skeleton (D:4)
  2 hounds
  A jelly (D:7)
  4 orc priests
  2 iguanas
  2 worker ants
  7 orc wizards
  2 worker ant zombies (D:5)
  8 adders
  3 shadow imps
  An ooze (D:3)
  An adder skeleton (D:6)
  A worm (D:5)
  3 dart slugs
  4 leopard geckos
  30 orcs
  6 bats
  3 giant cockroaches
  5 goblins
  5 hobgoblins
  2 jackals (D:1)
  4 kobolds
  5 quokkas
  5 ball pythons
  3 frilled lizards
  3 leopard gecko skeletons
  6 rats
148 creatures vanquished.

Vanquished Creatures (collateral kills)
  Pikel (D:6)
  2 hogs (D:7)
  A yak (D:7)
  An orc warrior (D:6)
  A black bear (D:4)
  A phantom (D:7)
  2 centaurs
  2 killer bees (D:7)
  2 howler monkeys
  A hound (D:7)
  An orc priest (D:7)
  An orc wizard (D:8)
  Jessica (D:3)
17 creatures vanquished.

Vanquished Creatures (others)
  A plant (D:7)
1 creature vanquished.

Grand Total: 166 creatures vanquished

Notes
Turn   | Place    | Note
-------+----------+-------------------------------------------
     0 | D:1      | slep the Demonspawn Fighter began the quest for the Orb.
     0 | D:1      | Reached XP level 1. HP: 18/18 MP: 1/1
   134 | D:1      | Gained mutation: You are partially covered in yellow scales. (AC +2) [demonic ancestry]
   134 | D:1      | Reached XP level 2. HP: 22/24 MP: 2/2
   242 | D:1      | Reached skill level 2 in Polearms
   659 | D:2      | Learned a level 1 spell: Apportation
   677 | D:2      | Gained mutation: A weak demonic guardian rushes to your aid. [demonic ancestry]
   677 | D:2      | Reached XP level 3. HP: 26/29 MP: 3/3
  1407 | D:3      | Noticed Sigmund
  1685 | D:3      | Noticed Jessica
  1697 | D:3      | Killed Jessica
  1697 | D:3      | Gained mutation: You have sharp toenails. [demonic ancestry]
  1697 | D:3      | Reached XP level 4. HP: 18/35 MP: 4/4
  1941 | D:4      | Found a shadowy altar of Dithmenos.
  1943 | D:4      | Found a glowing silver altar of Zin.
  1945 | D:4      | Found a stormy altar of Qazlal.
  2033 | D:4      | Reached skill level 3 in Polearms
  2051 | D:4      | Gained mutation: You are mostly covered in yellow scales. (AC +3) [demonic ancestry]
  2051 | D:4      | Reached XP level 5. HP: 41/41 MP: 5/5
  2066 | D:4      | Noticed an orc warrior
  2091 | D:4      | Killed an orc warrior
  2091 | D:4      | Reached skill level 1 in Dodging
  2240 | D:4      | Noticed a black bear
  2245 | D:4      | Killed a black bear
  2245 | D:4      | Gained mutation: Your flesh is heat resistant. (rF+) [demonic ancestry]
  2245 | D:4      | Reached XP level 6. HP: 27/48 MP: 6/6
  2503 | D:4      | Reached skill level 1 in Stealth
  2649 | D:4      | Found a snail-covered altar of Cheibriados.
  2822 | D:5      | Entered Level 5 of the Dungeon
  2936 | D:5      | Noticed an ice beast
  2947 | D:5      | Killed an ice beast
  2947 | D:5      | Reached skill level 4 in Polearms
  3230 | D:5      | Reached XP level 7. HP: 50/53 MP: 7/7
  3423 | D:5      | Found a basalt altar of Yredelemnul.
  3423 | D:5      | Found a hazy altar of Hepliaklqana.
  3430 | D:5      | Found a sacrificial altar of Ru.
  3432 | D:5      | Found a faded altar of an unknown god.
  3434 | D:5      | Found a sparkling altar of Nemelex Xobeh.
  3557 | D:6      | Found a stormy altar of Qazlal.
  3642 | D:6      | Reached skill level 5 in Polearms
  3903 | D:6      | Noticed Pikel
  3926 | D:6      | Killed Pikel
  3926 | D:6      | Reached skill level 6 in Polearms
  3926 | D:6      | Reached XP level 8. HP: 45/61 MP: 8/8
  4164 | D:6      | Reached skill level 5 in Armour
  4631 | D:7      | Reached skill level 5 in Fighting
  4875 | D:7      | Found a staircase to the Ecumenical Temple.
  4904 | D:7      | Reached skill level 5 in Shields
  4983 | Temple   | Entered the Ecumenical Temple
  4993 | Temple   | Became a worshipper of Warmaster Okawaru
  5217 | D:3      | Killed Sigmund
  5217 | D:3      | Gained mutation: You are immune to clouds of flame. [demonic ancestry]
  5217 | D:3      | Reached XP level 9. HP: 64/68 MP: 9/9
  5492 | D:6      | Reached skill level 7 in Polearms
  5643 | D:7      | Reached * piety under Okawaru
  5719 | D:7      | HP: 3/68 [hog (8)]
  5906 | D:7      | Reached ** piety under Okawaru
  5933 | D:7      | Reached skill level 8 in Polearms
  5997 | D:7      | Found a bloodstained altar of Trog.
  6347 | D:8      | Noticed a two-headed ogre
  6380 | D:8      | Mangled by a two-headed ogre

Vault maps used:
D:1:      eino_arrival_water_star
D:3:      glass_columns_a, uniq_sigmund, uniq_jessica
D:4:      grunt_temple_overflow_diamond, minmay_misc_feat_five,
          minmay_ruined_shrine
D:5:      chequers_temple_overflow_minitemple, first_bread
D:6:      basic_altar, eino_small_chamber_without_monster, uniq_pikel
D:7:      lemuel_doored_altar, minmay_temple_entry_oklob, grunt_decor_cap,
          grunt_decor_resistance, grunt_livestock
D:8:      glass_columns_a
Temple:   nicolae_temple_great_sept

Skill      XL: |  1  2  3  4  5  6  7  8  9 |
---------------+----------------------------+-----
Polearms       | 2 3 4 6 8 |  8.3
Armour         | 3 4 5 6 |  6.5
Shields        | 3 4 5 6 |  6.1
Dodging        | 1 2 3 |  3.1
Stealth        | 1 |  1.8
Fighting       | 4 5 6 |  6.2

Action                   |  1- 3 |  4- 6 |  7- 9 || total
-------------------------+-------+-------+-------++-------
Melee: Trident           |   179 |   121 |   545 ||   845
       Kick              |       |    26 |   170 ||   196
Throw: Throwing net      |       |       |     2 ||     2
  Use: Potion            |       |       |     5 ||     5
 Stab: Distracted        |       |       |     3 ||     3
  Eat: Chunk             |     1 |     7 |    12 ||    20
Armor: Scale mail        |    96 |    49 |    75 ||   220
       Chain mail        |       |       |   212 ||   212
Dodge: Dodged            |    50 |    20 |   124 ||   194
Block: Shield            |    80 |    45 |   233 ||   358

Table legend:
 A = Spawn XP
 B = Non-spawn XP
 C = Spawn XP percentage of total XP
 D = Spawn monster count
 E = Non-spawn monster count
 F = Spawn count percentage of total count
 G = Total turns spent on level
                    A         B        C        D         E        F      G
               +---------+---------+-------+---------+---------+-------+---------
         Total |       0 |    5393 |   0.0 |       0 |     164 |   0.0 |  6380
               +---------+---------+-------+---------+---------+-------+---------
           D:1 |       0 |      40 |   0.0 |       0 |      23 |   0.0 |   652
           D:2 |       0 |      47 |   0.0 |       0 |      14 |   0.0 |   798
           D:3 |       0 |     279 |   0.0 |       0 |       8 |   0.0 |   651
           D:4 |       0 |     353 |   0.0 |       0 |      14 |   0.0 |   996
           D:5 |       0 |     503 |   0.0 |       0 |      20 |   0.0 |   771
           D:6 |       0 |    1459 |   0.0 |       0 |      23 |   0.0 |  1147
           D:7 |       0 |    2080 |   0.0 |       0 |      48 |   0.0 |  1176
           D:8 |       0 |     632 |   0.0 |       0 |      14 |   0.0 |   108
               +---------+---------+-------+---------+---------+-------+---------
